 Dungeon Crawl Stone Soup version 0.30.0-18-gf1372a6a44 (webtiles) character file.

Game seed: 8975807759455739232

4284 qw the Cleaver (level 10, -6/63 (64) HPs)
             Began as a Gargoyle Fighter on May 21, 2023.
             Was a Priest of Okawaru.
             Mangled by Psyche
             ... wielding a +3 dagger of chaos
              (9 damage)
             ... on level 8 of the Dungeon.
             The game lasted 00:02:45 (5968 turns).

qw the Cleaver (Gargoyle Fighter)                   Turns: 5968, Time: 00:02:46

HP:   -6/63 (64)    AC: -4    Str: 26    XL:     10   Next: 32%
MP:   14/14         EV: 18    Int: 13    God:    Okawaru [***...]
Gold: 334           SH:  0    Dex: 12    Spells: 9/9 levels left

rFire   . . .        Y - melded +1 war axe (freeze)
rCold   . . .        c - melded +0 buckler
rNeg    + . .        q - melded +3 chain mail
rPois   inf          i - melded +0 helmet
rElec   .            a - melded scarf of the Orcish Mines {+Inv, Str+3 Int+3 Stlth-}
rCorr   .            s - melded +3 pair of gauntlets of War {Slay+5}
SInv    .            (boots currently unavailable)
Will    .....        o - amulet of regeneration
Stlth   +            f - melded +6 ring of strength
HPRegen 1.10/turn    g - melded ring of protection from fire
MPRegen 0.14/turn

%: no passive effects
@: bat-form (expiring), corroded, flying, lightly drained, very quick
A: fast, flying, no casting, sickness immunity, AC +7, tiny, negative energy
resistance 1, (electricity resistance), torment resistance 1, petrification
resistance, clever 1, high MP 1, strong 1
a: Renounce Religion, Heroism


You were on level 8 of the Dungeon.
You worshipped Okawaru.
Okawaru was most pleased with you.
You were a bat.
You visited 2 branches of the dungeon, and saw 9 of its levels.

You collected 334 gold pieces.


Innate Abilities, Weirdness & Mutations

You are a bat.
You are tiny and dextrous.
You move quickly.
You are flying.
Your equipment is almost entirely melded.
You are incapable of wielding weapons or throwing items.
You cannot cast spells.
You are immune to sickness and miasma.
((Your stone body is resilient. (AC +7)))
You are immune to poison.
You resist negative energy. (rN+)
((You are resistant to electric shocks. (rElec)))
You are resistant to unholy torment.
You are immune to petrification.
Your mind is acute. (Int +4, Str/Dex -1)
You have an increased reservoir of magic. (+10% MP)
Your muscles are strong. (Str +4, Int/Dex -1)


   Skills:
 - Level 8.0 Fighting
 + Level 10.2 Axes
 - Level 5.6 Armour
 - Level 2.0 Dodging
 - Level 5.0 Shields
 - Level 4.0 Invocations


You had 9 spell levels left.
You didn't know any spells.
Your spell library was empty.

Inventory:

Hand Weapons
 h - a +0 flail
 Y - a +1 war axe of freezing (melded)
Armour
 a - the scarf of the Orcish Mines (melded) {+Inv, Str+3 Int+3 Stlth-}
   (You acquired it on level 3 of the Dungeon)

   Str:       It affects your strength (+3).
   Int:       It affects your intelligence (+3).
   Stlth:     It makes you less stealthy.
 b - a +8 chain mail of ponderousness
 c - a +0 buckler (melded)
 i - a +0 helmet (melded)
 q - a +3 chain mail (melded)
 s - the +3 pair of gauntlets of War (melded) {Slay+5}
   (You acquired it on level 7 of the Dungeon)

   Slay:      It affects your accuracy & damage with ranged weapons and melee
   (+5).
Jewellery
 f - a +6 ring of strength (melded)
 g - a ring of protection from fire (melded)
 o - an amulet of regeneration (around neck)
Scrolls
 j - a scroll of teleportation
 k - 2 scrolls of identify
Potions
 d - a potion of might
 e - 3 potions of curing
 l - a potion of haste {unknown}
 m - a potion of magic {unknown}
 p - 2 potions of heal wounds
 r - a potion of resistance {unknown}

Dungeon Overview and Level Annotations

Branches:
Dungeon (8/15)             Temple (1/1) D:5            Lair (0/5) D:8

Altars:
Ashenzari
Cheibriados
Dithmenos
Gozag
Hepliaklqana
Kikubaaqudgha
Makhleb
Nemelex Xobeh
Okawaru
Qazlal
Ru
Sif Muna
Uskayaw
Wu Jian
Xom
Yredelemnul
Zin
The Shining One

Shops:
D:7 :

Annotations:
D:8 Psyche


Message History

Something barely misses you.
You hit something.
You hear a zap.
A bolt of acid appears from out of thin air!
The bolt of acid misses you.
You closely miss something.
You hear a zap.
A bolt of acid appears from out of thin air!
The bolt of acid misses you.
You hit something. Something completely misses you.
You hit something. Something hits you! Something burns you.
You closely miss something.
Your transformation is almost over.
Something hits you! Something burns you.
You miss something.
You hear a zap.
A bolt of acid appears from out of thin air!
The bolt of acid hits you!! The acid corrodes you! Something hits you.
Something freezes you.
You barely miss something.
You hear a zap.
A bolt of acid appears from out of thin air!
The bolt of acid misses you.
You barely miss something. Something barely misses you.
You completely miss something.
You hear some strange, mumbled words.
A swirling arc of seething chaos appears!
An arc of chaos appears from out of thin air!
The arc of chaos hits you. You partially resist.
You feel drained.
You hit something but do no damage.
You hear some strange, mumbled words.
A swirling arc of seething chaos appears!
An arc of chaos appears from out of thin air!
The arc of chaos hits you.
You hit something. Something hits you!
You die...

##............###..###
#.....................
#...................#
#<..................#
#...................#
#......>............##.
##....<................
##................#..
#~~~#.##..###b..##
#~.~#.##..##.{...#
#~.~#.##..#..?.P..#
#~.~#.##..#.....P.# #.
.......... ...........#
......>.....#
#...........##


There were no monsters in sight!

Vanquished Creatures
  A manticore (D:7)
  An elephant (D:8)
  A basilisk (D:8)
  2 yaks
  3 hogs (D:7)
  A human (D:7)
  2 steam dragons
  2 water moccasins
  An ice beast (D:8)
  A sky beast (D:6)
  4 black bears
  A centaur (D:5)
  An ogre (D:7)
  3 bullfrogs
  A gnoll sergeant (D:7)
  4 scorpions
  4 killer bees (D:7)
  2 howler monkeys
  2 orc priests (D:7)
  6 hounds
  2 jellies
  Terence (D:3)
  3 iguanas
  2 sleepcaps (D:5)
  Natasha (D:2)
  An orc wizard (D:7)
  8 adders
  7 gnolls (D:7)
  2 white imps
  2 ufetubi
  2 dart slugs
  3 worms
  22 orcs
  4 ball pythons
  2 bats (D:2)
  6 endoplasms
  4 giant cockroaches (D:1)
  9 goblins
  5 hobgoblins
  2 jackals (D:3)
  2 kobolds
  2 quokkas (D:1)
  3 frilled lizards
  4 rats
142 creatures vanquished.

Notes
Turn   | Place    | Note
-------+----------+-------------------------------------------
     0 | D:1      | qw the Gargoyle Fighter began the quest for the Orb.
     0 | D:1      | Reached XP level 1. HP: 14/14 MP: 1/1
     0 | D:1      | 0 ||| qw: Version: 0.2-a-98-g16b38d9
     0 | D:1      | 0 ||| qw: Game counter: 1
     0 | D:1      | 0 ||| qw: Always use a shield: true
     0 | D:1      | 0 ||| qw: God list: Okawaru
     0 | D:1      | 0 ||| qw: Allow faded altars: false
     0 | D:1      | 0 ||| qw: Do Orc after D:15 true
     0 | D:1      | 0 ||| qw: Do second Lair branch before Depths: true
     0 | D:1      | 0 ||| qw: Lair rune preference: random
     0 | D:1      | 0 ||| qw: Plans: Normal, Zot:1-4, God:TSO, Crypt, Tomb,
                  | Pan, Slime:5, Hells, Abyss, Win
     0 | D:1      | 0 ||| PLANNING D:1-11
    76 | D:1      | Reached skill level 2 in Axes
   229 | D:1      | Reached XP level 2. HP: 19/19 MP: 2/2
   573 | D:1      | You fall into a shaft and drop 1 floor!
   574 | D:2      | 574 ||| READING scroll labelled SULUFUG MANG.
   575 | D:2      | 575 ||| READING scroll labelled KAIMIU CUSMOI.
   578 | D:2      | 578 ||| READING scroll labelled KOYB GIEMAMA.
   794 | D:2      | Found a broken altar of Ashenzari.
   857 | D:2      | Reached skill level 3 in Axes
   858 | D:2      | Reached XP level 3. HP: 23/23 MP: 3/3
   941 | D:2      | 941 ||| Stepping ~*~*~tactically~*~*~ (hiding).
   999 | D:2      | Found a faded altar of an unknown god.
  1226 | D:2      | Noticed Natasha
  1227 | D:2      | 1227 ||| Stepping ~*~*~tactically~*~*~ (hiding).
  1234 | D:2      | Killed Natasha
  1235 | D:2      | Reached skill level 4 in Axes
  1235 | D:2      | Reached XP level 4. HP: 15/28 MP: 4/4
  1462 | D:2      | 1462 ||| UPGRADING to +0 helmet.
  1467 | D:2      | 1467 ||| READING scroll labelled QYOL WOQ FOUQ.
  1568 | D:2      | 1568 ||| DRINKING 2 viscous purple potions.
  1569 | D:2      | 1569 ||| DRINKING 2 lumpy yellow potions.
  1569 | D:2      | Gained mutation: Your spells are a little harder to cast,
                  | but a little more powerful. [potion of mutation]
  1569 | D:2      | Gained mutation: You are frail. (-10% HP) [potion of
                  | mutation]
  1569 | D:2      | Gained mutation: You occasionally lose the ability to read
                  | scrolls when taking damage. [potion of mutation]
  1570 | D:2      | 1570 ||| DRINKING potion of mutation.
  1570 | D:2      | Lost mutation: Your spells are a little harder to cast, but
                  | a little more powerful. [potion of mutation]
  1570 | D:2      | Lost mutation: You occasionally lose the ability to read
                  | scrolls when taking damage. [potion of mutation]
  1570 | D:2      | Lost mutation: You are frail. (-10% HP) [potion of
                  | mutation]
  1570 | D:2      | Gained mutation: Your movements are slightly less
                  | encumbered by armour. (ER -2) [potion of mutation]
  1570 | D:2      | Gained mutation: Armour fits poorly on your strangely
                  | shaped body. [potion of mutation]
  1570 | D:2      | Gained mutation: Your magical capacity is low. (-10% MP)
                  | [potion of mutation]
  1848 | D:3      | Reached XP level 5. HP: 27/32 MP: 4/4
  1904 | D:3      | 1904 ||| DRINKING potion of mutation.
  1904 | D:3      | Lost mutation: Your movements are slightly less encumbered
                  | by armour. (ER -2) [potion of mutation]
  1904 | D:3      | Lost mutation: Your magical capacity is low. (-10% MP)
                  | [potion of mutation]
  1904 | D:3      | Lost mutation: Armour fits poorly on your strangely shaped
                  | body. [potion of mutation]
  1904 | D:3      | Gained mutation: You occasionally lose the ability to read
                  | scrolls when taking damage. [potion of mutation]
  1904 | D:3      | Lost mutation: You occasionally lose the ability to read
                  | scrolls when taking damage. [potion of mutation]
  1904 | D:3      | Gained mutation: You sometimes lose your temper in combat.
                  | [potion of mutation]
  1904 | D:3      | Gained mutation: You are agile. (Dex +4, Str/Int -1)
                  | [potion of mutation]
  1922 | D:3      | Noticed Terence
  1930 | D:3      | Killed Terence
  1931 | D:3      | Reached skill level 1 in Dodging
  1982 | D:3      | 1982 ||| DROPPING +0 club.
  2057 | D:3      | Found a burning altar of Makhleb.
  2113 | D:3      | Found a sacrificial altar of Ru.
  2529 | D:3      | 2529 ||| UPGRADING to +6 ring of strength.
  2530 | D:3      | 2530 ||| READING scroll labelled OXTE DIORUUPH.
  2531 | D:3      | 2531 ||| READING scroll labelled ATAOGI BYEHE.
  2531 | D:3      | Identified a scroll of acquirement
  2531 | D:3      | 2531 ||| ACQUIRING scarf of the Orcish Mines {+Inv, Str+3
                  | Int+3 Stlth-}
  2531 | D:3      | Acquired the scarf of the Orcish Mines {+Inv, Str+3 Int+3
                  | Stlth-}
  2533 | D:3      | 2533 ||| UPGRADING to scarf of the Orcish Mines {+Inv,
                  | Str+3 Int+3 Stlth-}.
  2578 | D:4      | 2578 ||| Stepping ~*~*~tactically~*~*~ (stealth).
  2598 | D:4      | Reached skill level 5 in Axes
  2612 | D:4      | 2612 ||| Stepping ~*~*~tactically~*~*~ (stealth).
  2620 | D:4      | Reached XP level 6. HP: 33/38 MP: 6/6
  2684 | D:4      | 2684 ||| Stepping ~*~*~tactically~*~*~ (stealth).
  2853 | D:4      | 2853 ||| Stepping ~*~*~tactically~*~*~ (hiding).
  2854 | D:4      | 2854 ||| Stepping ~*~*~tactically~*~*~ (hiding).
  2990 | D:4      | 2990 ||| Stepping ~*~*~tactically~*~*~ (hiding).
  3636 | D:4      | Found an ornate altar of the Wu Jian Council.
  3643 | D:4      | 3643 ||| UPGRADING to amulet of regeneration.
  3648 | D:4      | 3648 ||| READING scroll labelled BAIDOKK EHIXTA.
  3649 | D:4      | 3649 ||| READING scroll labelled ATO KUOHUE.
  3650 | D:4      | 3650 ||| READING 2 scrolls of identify.
  3650 | D:4      | 3650 ||| IDENTIFYING smoky ruby potion
  3651 | D:4      | 3651 ||| DROPPING potion of flight.
  3689 | D:5      | Entered Level 5 of the Dungeon
  3710 | D:5      | Reached skill level 6 in Axes
  3710 | D:5      | Reached XP level 7. HP: 43/43 MP: 7/7
  3711 | D:5      | 3711 ||| Stepping ~*~*~tactically~*~*~ (stealth).
  3776 | D:5      | Reached skill level 7 in Axes
  4009 | D:5      | Found a staircase to the Ecumenical Temple.
  4010 | D:5      | 4010 ||| PLANNING TEMPLE
  4010 | D:5      | 4010 ||| DROPPING amulet of the acrobat.
  4011 | D:5      | 4011 ||| READING 2 scrolls labelled HOHOTH RUDENE.
  4012 | D:5      | 4012 ||| DRINKING 2 pink potions.
  4013 | D:5      | 4013 ||| READING 2 scrolls of identify.
  4013 | D:5      | 4013 ||| IDENTIFYING grey potion
  4014 | D:5      | 4014 ||| DROPPING potion of ambrosia.
  4015 | D:5      | 4015 ||| DROPPING scroll of amnesia.
  4022 | Temple   | Entered the Ecumenical Temple
  4023 | Temple   | 4023 ||| PLANNING OKAWARU WORSHIP
  4148 | Temple   | Became a worshipper of Warmaster Okawaru
  4148 | Temple   | 4148 ||| PLANNING D:1-11
  4321 | D:5      | Reached XP level 8. HP: 49/49 MP: 8/8
  4339 | D:5      | Found a basalt altar of Yredelemnul.
  4402 | D:6      | 4402 ||| STAIRDANCE
  4412 | D:5      | Reached skill level 8 in Axes
  4492 | D:6      | Reached * piety under Okawaru
  4493 | D:6      | Reached skill level 6 in Fighting
  4494 | D:6      | Reached skill level 1 in Invocations
  4504 | D:6      | Reached XP level 9. HP: 50/55 MP: 8/11
  4507 | D:6      | Reached skill level 3 in Invocations
  4876 | D:6      | 4876 ||| UPGRADING to +3 chain mail.
  4886 | D:6      | 4886 ||| DROPPING +0 scale mail.
  4887 | D:6      | 4887 ||| READING scroll labelled OKOORPH QORAPING.
  4888 | D:6      | 4888 ||| READING scroll labelled QAES ATTUHU.
  4889 | D:6      | 4889 ||| READING scroll labelled FOCUIN XUBEAQI.
  4890 | D:6      | 4890 ||| READING scroll labelled GICAIBLATI.
  4917 | D:7      | 4917 ||| Stepping ~*~*~tactically~*~*~ (hiding).
  4919 | D:7      | 4919 ||| INVOKING Heroism.
  4934 | D:7      | HP: 13/55 [gnoll sergeant/+2 spear of pain (12)]
  4935 | D:7      | 4935 ||| READING scroll of teleportation.
  4943 | D:7      | 4943 ||| INVOKING Heroism.
  4984 | D:7      | Reached skill level 9 in Axes
  5061 | D:7      | 5061 ||| INVOKING Heroism.
  5087 | D:7      | 5087 ||| Stepping ~*~*~tactically~*~*~ (hiding).
  5088 | D:7      | 5088 ||| Stepping ~*~*~tactically~*~*~ (hiding).
  5091 | D:7      | 5091 ||| Stepping ~*~*~tactically~*~*~ (hiding).
  5093 | D:7      | 5093 ||| Stepping ~*~*~tactically~*~*~ (hiding).
  5106 | D:7      | 5106 ||| Stepping ~*~*~tactically~*~*~ (stealth).
  5138 | D:7      | Noticed a manticore
  5139 | D:7      | 5139 ||| INVOKING Heroism.
  5146 | D:7      | Killed a manticore
  5232 | D:7      | Reached ** piety under Okawaru
  5246 | D:7      | Reached XP level 10. HP: 47/63 MP: 13/13
  5349 | D:7      | Found Ehytoako's Book Shoppe.
  5353 | D:7      | 5353 ||| Stepping ~*~*~tactically~*~*~ (stealth).
  5362 | D:7      | Reached skill level 10 in Axes
  5455 | D:7      | 5455 ||| Stepping ~*~*~tactically~*~*~ (stealth).
  5460 | D:7      | 5460 ||| Stepping ~*~*~tactically~*~*~ (stealth).
  5472 | D:7      | 5472 ||| DRINKING potion of mutation.
  5472 | D:7      | Lost mutation: You sometimes lose your temper in combat.
                  | [potion of mutation]
  5472 | D:7      | Lost mutation: You are agile. (Dex +4, Str/Int -1) [potion
                  | of mutation]
  5472 | D:7      | Gained mutation: Your mind is acute. (Int +4, Str/Dex -1)
                  | [potion of mutation]
  5472 | D:7      | Gained mutation: You have an increased reservoir of magic.
                  | (+10% MP) [potion of mutation]
  5472 | D:7      | Gained mutation: Your muscles are strong. (Str +4, Int/Dex
                  | -1) [potion of mutation]
  5567 | D:7      | 5567 ||| Stepping ~*~*~tactically~*~*~ (stealth).
  5569 | D:7      | 5569 ||| Stepping ~*~*~tactically~*~*~ (hiding).
  5571 | D:7      | 5571 ||| Stepping ~*~*~tactically~*~*~ (hiding).
  5766 | D:7      | 5766 ||| READING scroll of acquirement.
  5766 | D:7      | 5766 ||| ACQUIRING +3 pair of gauntlets of War {Slay+5}
  5766 | D:7      | Acquired the +3 pair of gauntlets of War {Slay+5}
  5766 | D:7      | Found the +3 pair of gauntlets of War {Slay+5}
  5767 | D:7      | 5767 ||| DROPPING orb of guile.
  5862 | D:7      | 5862 ||| UPGRADING to +3 pair of gauntlets of War {Slay+5}.
  5867 | D:7      | 5867 ||| UPGRADING to ring of protection from fire.
  5868 | D:7      | 5868 ||| READING scroll labelled KYSUHE LURGHIES.
  5869 | D:7      | 5869 ||| READING 2 scrolls of identify.
  5869 | D:7      | 5869 ||| IDENTIFYING glowing pink potion
  5870 | D:7      | 5870 ||| DROPPING potion of invisibility.
  5932 | D:8      | Found a staircase to the Lair.
  5932 | D:8      | Noticed an elephant
  5940 | D:8      | Reached *** piety under Okawaru
  5943 | D:8      | Killed an elephant
  5944 | D:8      | Noticed Psyche
  5963 | D:8      | HP: 12/64 [something/bolt of acid (26)]
  5967 | D:8      | HP: 2/63 [something/chain of chaos (6)]
  5968 | D:8      | Mangled by Psyche

Levels and vault maps discovered:
D:1:      minmay_arrival_doors, layout_loops_ring
D:2:      layout_basic, basic_altar, shapermc_ecumenical_altar_acropolis,
          uniq_natasha
D:3:      layout_loops_corners, mainiacjoe_overflow_large_starburst,
          palyth_stone_intersect, uniq_terence
D:4:      layout_basic, pdpol_wu_jian_five_deadly_venoms
D:5:      layout_cave_pools, mainiacjoe_overflow_alcove_2,
          minmay_temple_entry_slanted, kennysheep_dice
D:6:      layout_rooms
D:7:      layout_loops_ring, serial_shops, nicolae_shop_tiny_glass,
          enter_bailey_3, grunt_livestock, chequers_decorated_corner,
          grunt_decor_clamped
D:8:      layout_rooms, nicolae_overflow_crystal_walls, david_lair_generic,
          serial_rivers, chequers_serial_rivers_micro_a,
          chequers_serial_rivers_small_3, chequers_serial_rivers_large_b,
          chequers_serial_rivers_large_a, chequers_serial_rivers_micro_d,
          nicolae_concentric_dashed_squares_wild, uniq_psyche
Temple:   nicolae_temple_two_arcs

Skill      XL: |  1  2  3  4  5  6  7  8  9 10 |
---------------+-------------------------------+-----
Axes           | 2 3 4 5 6 7 8 9 10 | 10.2
Dodging        | 1 2 |  2.0
Fighting       | 4 5 6 7 8 |  8.0
Invocations    | 2 4 |  4.0
Shields        | 4 5 |  5.0
Armour         | 5 |  5.6

Action                     |  1- 3 |  4- 6 |  7- 9 | 10-12 || total
---------------------------+-------+-------+-------+-------++-------
  Melee: War axe           |    91 |   134 |   157 |    37 ||   419
         Unarmed           |       |       |       |    13 ||    13
  Throw: Boomerang         |     6 |    14 |       |       ||    20
 Invoke: Heroism           |       |       |     4 |       ||     4
    Use: Scroll            |     3 |     6 |     7 |     3 ||    19
         Potion            |       |     4 |     1 |     1 ||     6
 Armour: Scale mail        |    43 |    60 |    61 |       ||   164
         Chain mail        |       |       |    52 |    16 ||    68
  Dodge: Dodged            |    51 |    52 |    91 |    15 ||   209
  Block: Buckler           |    14 |    23 |    40 |     9 ||    86

Table legend:
 A = Non-vault XP
 B = Vault XP
 C = Vault XP percentage of total XP
 D = Non-vault monster count
 E = Vault monster count
 F = Vault count percentage of total count
                 A         B        C        D         E       F
            +---------+---------+-------+---------+---------+-------
      Total |    3965 |    2155 |  35.2 |     125 |      17 |  12.0
            +---------+---------+-------+---------+---------+-------
        D:1 |      27 |       0 |   0.0 |      15 |       0 |   0.0
        D:2 |      66 |      35 |  34.7 |      16 |       1 |   5.9
        D:3 |      80 |      36 |  31.0 |      11 |       1 |   8.3
        D:4 |     316 |       0 |   0.0 |      17 |       0 |   0.0
        D:5 |     823 |     190 |  18.8 |      13 |       2 |  13.3
        D:6 |     844 |       0 |   0.0 |      13 |       0 |   0.0
        D:7 |    1676 |     938 |  35.9 |      39 |       9 |  18.8
        D:8 |     133 |     956 |  87.8 |       1 |       4 |  80.0
            +---------+---------+-------+---------+---------+-------
